AoeStats
← web

Arena

507753318Analyzed
4v4 RM · 12d ago on Sep 19, 2026· 39m 31s· 8 players
Game mode
Random Map
Map size
Large (8 player)
Population
200
Speed
Normal
Resources
Standard
Victory
Conquest
Starting age
Dark Age
Ending age
Imperial Age
RankedLock teamsTeams togetherTeam positionsShared explorationLock speedFull tech treeHidden civsTurbo modeCheats
Victory
Defeat
🇨🇳 Celts · China
1474
+10
🇨🇳 Dravidians · China
1329
+16
🇨🇳 Burgundians · China
1245
+19
🇨🇳 Saracens · China
1237
+20
🇮🇹 Bohemians · Italy
1364
-18
🇬🇷 Chinese · Greece
1335
-17
🇺🇸 Hindustanis · United States
1306
-15
🇺🇾 Mongols · Uruguay
1303
-15
web
11:01 Feudal Age
14:44 Castle Age
13:48 Double-Bit Axe
13:44 Horse Collar
16:20 Bow Saw
16:57 Heavy Plow
23:45 Wheelbarrow
23:54 Wheelbarrow
28:19 Imperial Age
26:05 Hand Cart
26:15 Bloodlines
26:45 Husbandry
26:54 Scale Barding Armor
27:04 Loom
27:04 Town Watch
27:41 Forging
28:22 Heavy Camel Rider
29:36 Chain Barding Armor
29:52 Iron Casting
29:22 Gold Mining
31:39 Plate Barding Armor
32:59 Blast Furnace
31:58 Imperial Camel Rider
33:37 Town Patrol
34:52 Chemistry
36:14 Padded Archer Armor
Sougamao
0:27 Loom
10:54 Feudal Age
13:21 Wheelbarrow
16:06 Castle Age
14:33 Double-Bit Axe
14:30 Horse Collar
17:37 Bow Saw
21:20 Heavy Plow
23:20 Stone Mining
24:15 Hand Cart
25:01 Gold Mining
26:23 Town Watch
29:41 Imperial Age
27:06 Fletching
27:16 Padded Archer Armor
27:42 Ballistics
27:33 Masonry
27:19 Murder Holes
28:20 Gold Shaft Mining
27:53 Bodkin Arrow
28:43 Leather Archer Armor
29:57 Thumb Ring
30:50 Bracer
31:20 Ring Archer Armor
31:53 Chemistry
31:24 Architecture
31:33 Conscription
32:21 Rocketry
32:37 Fortified Wall
33:14 Stone Shaft Mining
32:46 Elite Fire Lancer
35:20 Two-Man Saw
36:44 Squires
36:48 Scale Mail Armor
36:58 Forging
37:09 Arson
38:24 Chain Mail Armor
38:17 Elite Chu Ko Nu
Mako
10:52 Feudal Age
15:12 Castle Age
13:33 Double-Bit Axe
16:12 Bow Saw
18:03 Loom
20:51 Horse Collar
22:25 Town Watch
24:00 Wheelbarrow
28:51 Imperial Age
26:35 Padded Archer Armor
28:06 Leather Archer Armor
28:59 Chemistry
28:25 Fletching
29:05 Fortified Wall
30:14 Ring Archer Armor
29:56 Wagenburg Tactics
30:11 Conscription
29:58 Bodkin Arrow
31:18 Siege Engineers
31:39 Bracer
33:04 Houfnice
35:33 Two-Man Saw
37:05 Scale Barding Armor
37:13 Murder Holes
La_Sophie
8:26 Loom
10:30 Feudal Age
12:36 Fletching
14:06 Town Watch
20:09 Wheelbarrow
25:24 Castle Age
23:33 Double-Bit Axe
26:21 Bow Saw
26:28 Bodkin Arrow
28:17 Bow Saw
30:22 Padded Archer Armor
32:11 Leather Archer Armor
38:11 Ballistics
马虎
10:56 Feudal Age
15:33 Castle Age
14:15 Double-Bit Axe
14:14 Horse Collar
14:56 Loom
20:17 Bow Saw
24:26 Wheelbarrow
23:36 Town Watch
25:25 Gold Mining
26:38 Two-Man Saw
30:34 Imperial Age
28:28 Heavy Plow
28:37 Fletching
28:48 Padded Archer Armor
29:04 Fortified Wall
28:42 Treadmill Crane
29:23 Ballistics
30:45 Gold Shaft Mining
32:34 Chemistry
32:36 Bodkin Arrow
32:57 Leather Archer Armor
32:48 Scale Barding Armor
32:29 Elite Skirmisher
33:27 Bracer
38:07 Cavalier
38:48 Husbandry
大空魔术师
5:22 Loom
8:04 Feudal Age
9:02 Double-Bit Axe
13:46 Fletching
15:55 Double-Bit Axe
16:57 Horse Collar
20:01 Wheelbarrow
23:23 Castle Age
24:53 Bow Saw
25:04 Town Watch
26:14 Hand Cart
27:54 Gold Mining
29:47 Bodkin Arrow
34:33 Imperial Age
34:14 Scale Mail Armor
33:35 Pikeman
34:39 Ballistics
35:27 Stone Mining
36:52 Chemistry
36:33 Halberdier
37:59 Chain Mail Armor
38:58 Heavy Plow
40:09 Plate Mail Armor
39:50 Forging
Happy Pig
10:42 Feudal Age
14:39 Castle Age
12:53 Double-Bit Axe
13:07 Horse Collar
20:15 Bow Saw
20:31 Heavy Plow
20:52 Gold Mining
21:44 Wheelbarrow
20:55 Loom
22:47 Scale Mail Armor
22:55 Man-at-Arms
23:39 Town Watch
24:10 Squires
23:56 Arson
23:57 Gambesons
24:50 Hand Cart
24:05 Long Swordsman
25:02 Chain Mail Armor
24:58 Forging
27:21 Iron Casting
27:20 Stone Mining
29:59 Scale Barding Armor
32:36 Imperial Age
31:36 Chain Barding Armor
32:46 Two-Handed Swordsman
33:57 Plate Mail Armor
32:56 Siege Elephant
33:56 Fletching
35:09 Blast Furnace
33:57 Champion
35:40 Fletching
36:45 Bodkin Arrow
37:27 Husbandry
38:11 Masonry
青铜斗士
11:13 Feudal Age
15:10 Castle Age
13:42 Double-Bit Axe
13:46 Horse Collar
21:43 Wheelbarrow
22:00 Bow Saw
22:03 Heavy Plow
28:38 Imperial Age
27:13 Scale Barding Armor
27:19 Forging
27:41 Hand Cart
27:12 Loom
27:22 Gold Mining
27:58 Husbandry
28:09 Bloodlines
28:33 Chain Barding Armor
29:45 Gold Shaft Mining
30:28 Iron Casting
31:33 Two-Man Saw
30:23 Heavy Camel Rider
32:39 Plate Barding Armor
33:32 Blast Furnace
Connection lost

Rejoining the realm…

Still unreachable

The connection could not be restored.

Session expired

The server has moved on; the page needs a fresh start.